 Dungeon Crawl Stone Soup version 0.15-a0-717-ga3c592f (webtiles) character file.

769 PolkaDot the Cutter (level 7, -3/49 HPs)
             Began as a Vampire Gladiator on May 10, 2014.
             Was a Follower of Qazlal.
             Slain by a giant frog (5 damage)
             ... on Level 6 of the Dungeon.
             The game lasted 00:18:22 (4839 turns).

PolkaDot the Cutter (Vampire Gladiator)             Turns: 4839, Time: 00:18:22

HP  -3/49        AC  7     Str 14      XL: 7   Next: 52%
MP   6/9         EV 14     Int 10      God: Qazlal [*.....]
Gold 217         SH  3     Dex 16      Spells:  0 memorised,  6 levels left

rFire  . . .     SeeInvis +     a - +1,-1 cutlass
rCold  . . .     Clarity  .     b - +0 leather armour
rNeg   + . .     Conserve .     (no shield)
rPois  .         rCorr    .     c - +1 helmet
rElec  .         rRot     .     j - +0 cloak
SustAb . .       Spirit   .     (no gloves)
rMut   .         Warding  .     (no boots)
Gourm  .         Rnd*Tele +     (no amulet)
MR     .....                    l - ring of teleportation
                                e - +1 ring of protection

@: not resistant to hostile enchantments, very unstealthy
A: bottle blood, fangs 3, see invisible, unbreathing
a: Bat Form, Bottle Blood, Renounce Religion, Evoke Teleportation


You were on level 6 of the Dungeon.
You worshipped Qazlal.
Qazlal was aware of your devotion.
You were not thirsty.

You visited 2 branches of the dungeon, and saw 7 of its levels.

You collected 217 gold pieces.

Inventory:

Hand weapons
 a - a +1,-1 cutlass (weapon)
Armour
 b - a +0 leather armour (worn)
 c - a +1 helmet (worn)
 j - a +0 cloak (worn)
Magical devices
 i - a wand of teleportation (4)
Scrolls
 g - a scroll of amnesia
Jewellery
 e - a +1 ring of protection (left hand)
 l - a ring of teleportation (right hand)
Potions
 k - a potion of curing
 m - a potion of flight {unknown}
Books
 h - a book of Minor Magic

   Spells                             Type                      Level
   Magic Dart                         Conjuration                  1
   Blink                              Translocation                2
   Call Imp                           Summoning                    2
   Repel Missiles                     Charms/Air                   2
   Slow                               Hexes                        2
   Conjure Flame                      Conjuration/Fire             3
   Mephitic Cloud                     Conjuration/Poison/Air       3


   Skills:
 - Level 1.7 Fighting
 * Level 7.4 Short Blades
 - Level 1.5 Throwing
 - Level 2.0 Armour
 + Level 5.7 Dodging
 + Level 2.4 Evocations


You had 6 spell levels left.
You didn't know any spells.

Dungeon Overview and Level Annotations

Branches:
Dungeon (6/15)             Temple (1/1) D:4

Altars:
Ashenzari
Elyvilon
Fedhas
Gozag
Kikubaaqudgha
Nemelex Xobeh
Okawaru
Qazlal
Sif Muna
Trog
Xom
Zin

Annotations:
D:4 Prince Ribbit
D:5 Edmund, Menkaure


Innate Abilities, Weirdness & Mutations

You can bottle blood from corpses.
You have razor-sharp teeth.*
You have supernaturally acute eyesight.
You can survive without breathing.*


Message History

The orc wizard struggles to escape the net.
The orc wizard misses you. The orc wizard closely misses you.
Things that are here:
a runed flail; an orc corpse You hit the orc wizard.
The orc wizard is heavily wounded.
Your surroundings suddenly seem different.
A crimson imp comes into view.
The crimson imp shouts!
A giant frog comes into view.
The giant frog gives a loud, deep croak!
A hobgoblin comes into view.
The hobgoblin shouts!
The hobgoblin misses you.
Found 16 gold pieces.
Use which ability? (? or * to list)
You fail to use your ability.
The giant frog hits you.
* * * LOW HITPOINT WARNING * * *
The hobgoblin barely misses you. The giant frog hits you.
You die...

. ..# ..# ..#
######..#####
#............
#............
#.....g..#
#....@...#
#....F...#
#..5.....#
#........#
#........#
#.....$..#
#........#
........# ###


You could see a giant frog, a crimson imp and a hobgoblin.

Vanquished Creatures
  An ice beast (D:6)
  A quasit (D:3)
  A jelly (D:6)
  4 hounds
  Crazy Yiuf (D:4)
  2 orc priests (D:3)
  A giant frog skeleton (D:6)
  An orc wizard (D:5)
  A worker ant (D:6)
  A gnoll shaman (D:5)
  Ijyb (D:2)
  Jessica (D:2)
  5 gnolls (D:5)
  An orc zombie (D:6)
  7 adders
  A shadow imp (D:5)
  A giant mite (D:3)
  2 worms
  4 giant geckos
  18 orcs
  A ball python (D:2)
  5 giant cockroaches
  6 goblins
  5 hobgoblins
  3 quokkas
  11 bats
  7 giant newts
  13 jackals
  5 kobolds
  12 rats
  2 ballistomycetes (D:6)
125 creatures vanquished.

Vanquished Creatures (others)
  A giant spore (D:6)
1 creature vanquished.

Grand Total: 126 creatures vanquished

Notes
Turn   | Place    | Note
--------------------------------------------------------------
     0 | D:1      | PolkaDot, the Vampire Gladiator, began the quest for the Orb.
     0 | D:1      | Reached XP level 1. HP: 16/16 MP: 1/1
   304 | D:1      | Reached XP level 2. HP: 9/22 MP: 2/2
   940 | D:2      | Reached skill level 4 in Short Blades
   940 | D:2      | Reached XP level 3. HP: 18/27 MP: 3/3
  1134 | D:2      | Noticed Jessica
  1142 | D:2      | Killed Jessica
  1159 | D:2      | Noticed Ijyb
  1268 | D:2      | Killed Ijyb
  1268 | D:2      | Reached skill level 1 in Armour
  1268 | D:2      | Reached XP level 4. HP: 25/33 MP: 4/4
  1463 | D:2      | Reached skill level 5 in Short Blades
  1614 | D:3      | Reached XP level 5. HP: 23/38 MP: 5/5
  2784 | D:4      | Reached XP level 6. HP: 35/44 MP: 6/6
  2803 | D:4      | Reached skill level 6 in Short Blades
  2980 | D:4      | Found a staircase to the Ecumenical Temple.
  2986 | Temple   | Entered the Ecumenical Temple
  3101 | Temple   | Became a worshipper of Qazlal Stormbringer
  3214 | D:4      | Noticed Crazy Yiuf
  3223 | D:4      | Killed Crazy Yiuf
  3272 | D:4      | Noticed Prince Ribbit
  3542 | D:4      | Reached skill level 5 in Dodging
  3659 | D:5      | Entered Level 5 of the Dungeon
  3714 | D:5      | Noticed Menkaure
  3894 | D:5      | Reached skill level 1 in Evocations
  3957 | D:5      | Reached XP level 7. HP: 30/49 MP: 8/8
  3967 | D:5      | Noticed Edmund
  4020 | D:4      | Acquired Qazlal's first power
  4536 | D:6      | Reached skill level 7 in Short Blades
  4787 | D:6      | Found an opulent altar of Gozag.
  4839 | D:6      | HP: 2/49 [giant frog (2)]
  4839 | D:6      | Slain by a giant frog

Action                   |  1- 3 |  4- 6 |  7- 9 || total
-------------------------+-------+-------+-------++-------
Melee: Cutlass           |   165 |   372 |   170 ||   707
Throw: Throwing net      |       |       |     7 ||     7
 Abil: Evoke Teleportati |       |     3 |     3 ||     6
  Use: Potion            |     1 |     7 |     1 ||     9
       Scroll            |     3 |     9 |     1 ||    13
 Stab: Sleeping          |       |     1 |       ||     1
       Held in net/web   |       |       |     3 ||     3
